 Dungeon Crawl Stone Soup version 0.25.0-11-g1f837a76a1 (webtiles) character file.

Game seed: 8042169240773484691

466 Stil the Conjurer (level 6, -4/32 HPs)
             Began as a Deep Elf Conjurer on June 25, 2020.
             Slain by an orc warrior
             ... wielding a +0 war axe
              (17 damage)
             ... on level 4 of the Dungeon.
             The game lasted 00:11:06 (3400 turns).

Stil the Conjurer (Deep Elf Conjurer)               Turns: 3400, Time: 00:11:07

Health: -4/32      AC:  2    Str:  5    XL:     6   Next: 81%
Magic:  6/17       EV: 14    Int: 22    God:
Gold:   202        SH:  0    Dex: 15    Spells: 10/17 levels left

rFire    . . .     SeeInvis .   (no weapon)
rCold    . . .     Gourm    .   (no shield)
rNeg     . . .     Faith    .   a - +0 robe
rPois    .         Spirit   .   (no helmet)
rElec    .         Reflect  .   (no cloak)
rCorr    .         Harm     .   (no gloves)
MR       .....                  (no boots)
Stlth    +++.......             (no amulet)
HPRegen  0.10/turn              g - ring of flight
MPRegen  0.15/turn              h - ring of stealth

@: no status effects
A: no striking features
a: Evoke Flight


You were on level 4 of the Dungeon.
You were not hungry.

You visited 1 branch of the dungeon, and saw 4 of its levels.

You collected 202 gold pieces.

Inventory:

Missiles
 i - 13 boomerangs
 k - 15 poisoned darts (quivered)
Armour
 a - a +0 robe (worn)
Jewellery
 g - a ring of flight (left hand)
 h - a ring of stealth (right hand)
Wands
 f - a wand of acid (8)
Scrolls
 e - a scroll of enchant weapon {unknown}
Potions
 b - 2 potions of curing
 d - a potion of heal wounds {unknown}
 j - 2 potions of haste {unknown}
 l - a potion of degeneration {unknown}
 m - 2 potions of might {unknown}
 n - a potion of lignification {unknown}
 o - 2 potions of brilliance {unknown}
Comestibles
 c - 6 rations
 p - 10 chunks of flesh


   Skills:
 + Level 4.2 Dodging
 - Level 2.4 Stealth
 * Level 6.0 Spellcasting
 * Level 6.3 Conjurations
 * Level 3.7 Hexes


You had 10 spell levels left.
You knew the following spells:

 Your Spells              Type           Power        Failure   Level  Hunger
a - Magic Dart            Conj           ####         1%          1    None
b - Searing Ray           Conj           ####..       1%          2    None
c - Fulminant Prism       Conj/Hex       ####......   12%         4    ###....

Your spell library contained the following spells:

 Spells                   Type           Power        Failure   Level  Hunger
 Dazzling Flash           Conj/Hex       ####..       3%          3    #......
 Iskenderun's Mystic Bla  Conj/Tloc      ###.....     24%         4    ###....


Dungeon Overview and Level Annotations

Branches:
Dungeon (4/15)
 Temple: D:4-7

Altars:
Makhleb


Message History

The searing ray hits the orc warrior but does no damage.
The orc warrior is heavily wounded.
The searing ray hits the orc!
You kill the orc!
You finish channeling your searing ray.
The orc warrior closely misses you.
Casting: Searing Ray (safe; 1% risk of failure)
Confirm with . or Enter, or press ? or * to list all spells.
Aiming: Searing Ray (safe; 1% risk of failure)
Press: ? - help, Shift-Dir - straight line, f - orc warrior
Aim: an orc warrior, wielding a +0 war axe and wearing a +0 plate armour (heavily wounded)
The searing ray misses the orc warrior. (Press . to maintain the ray.)
The searing ray misses the orc warrior.
The orc warrior hits you with a +0 war axe!!
Ouch! That really hurt!
The searing ray hits the orc warrior but does no damage.
The orc warrior is heavily wounded.
The orc warrior hits you with a +0 war axe!
Ouch! That really hurt!
You die...

### #...# #..# #...##..#
..#
#########.###...##..#
..#
#............#####..#
..# #............# #..#
..# #............# #..#
..# ####............#
#..# ..#
................# #...
..# ............<.).#
#.## ###
....))o@........# ##)##
##############..####..>.
#.........##.)..
#.........##....
#.........##...#
#.........##)..#
########..##...#
##.##รท..# #..#...#


You could see an orc warrior.

Vanquished Creatures
  2 ogres (D:4)
  2 hounds (D:4)
  Ijyb (D:4)
  An orc wizard (D:4)
  2 worker ants (D:4)
  5 adders
  An ooze (D:3)
  An adder skeleton (D:4)
  2 worms (D:3)
  A dart slug (D:2)
  2 leopard geckos
  8 orcs (D:4)
  8 bats
  4 giant cockroaches
  7 goblins
  9 hobgoblins
  5 jackals (D:4)
  5 kobolds
  3 quokkas
  4 frilled lizards
  5 rats
78 creatures vanquished.

Notes
Turn   | Place    | Note
-------+----------+-------------------------------------------
     0 | D:1      | Stil the Deep Elf Conjurer began the quest for the Orb.
     0 | D:1      | Reached XP level 1. HP: 10/10 MP: 6/6
   290 | D:1      | Reached XP level 2. HP: 15/15 MP: 1/8
   733 | D:2      | Found a burning altar of Makhleb.
  1071 | D:2      | Reached XP level 3. HP: 19/19 MP: 6/10
  1387 | D:2      | Reached skill level 5 in Conjurations
  1859 | D:3      | Learned a level 2 spell: Searing Ray
  2001 | D:3      | Reached XP level 4. HP: 24/24 MP: 7/12
  2014 | D:3      | Learned a level 4 spell: Fulminant Prism
  2694 | D:4      | Noticed an ogre
  2701 | D:4      | Killed an ogre
  2701 | D:4      | Reached skill level 5 in Spellcasting
  2701 | D:4      | Reached skill level 1 in Hexes
  2701 | D:4      | Reached XP level 5. HP: 28/28 MP: 8/14
  2914 | D:4      | Noticed Ijyb
  2935 | D:4      | Killed Ijyb
  3005 | D:4      | Noticed an ogre
  3010 | D:4      | Killed an ogre
  3010 | D:4      | Reached XP level 6. HP: 32/32 MP: 10/16
  3391 | D:4      | Noticed an orc warrior
  3400 | D:4      | Slain by an orc warrior

Illustrated notes

Levels and vault maps discovered:
D:1:      psy_arrival_terrarium, layout_basic
D:2:      layout_basic, first_ration, serial_bayou_pond_d, bloody_makhleb
D:3:      layout_basic, wander_ebering_terrifying_dragon_lair
D:4:      layout_basic, uniq_ijyb

Skill      XL: |  1  2  3  4  5  6 |
---------------+-------------------+-----
Spellcasting   | 4 5 6 |  6.0
Conjurations   | 5 6 |  6.3
Dodging        | 3 4 |  4.2
Hexes          | 1 3 |  3.7
Stealth        | |  2.4

Action                   |  1- 3 |  4- 6 || total
-------------------------+-------+-------++-------
Throw: Boomerang         |       |     3 ||     3
       Dart              |       |     3 ||     3
 Cast: Magic Dart        |    79 |    59 ||   138
       Searing Ray       |       |    16 ||    16
  Use: Scroll            |     1 |     5 ||     6
  Eat: Chunk             |     3 |     4 ||     7
Armor: Robe              |     2 |     1 ||     3
Dodge: Dodged            |     9 |    12 ||    21
